 Dungeon Crawl Stone Soup version 0.22.1-2-g9c5b331383 (webtiles) character file.

90 JGreham the Skirmisher (level 4, -1/40 HPs)
             Began as a Draconian Berserker on Dec 27, 2018.
             Was a Believer of Trog.
             Slain by bananovenc's ghost (11 damage)
             ... on level 3 of the Dungeon.
             The game lasted 00:06:53 (2384 turns).

JGreham the Skirmisher (Draconian Berserker)        Turns: 2384, Time: 00:06:53

Health: -1/40      AC:  5    Str: 25    XL:     4   Next: 32%
Magic:  4/4        EV:  9    Int:  7    God:    Trog [**....]
Gold:   186        SH: 14    Dex: 14    Spells: 3/3 levels left

rFire    . . .     SeeInvis .   a - +0 spear
rCold    . . .     Gourm    +   k - +1 large shield
rNeg     . . .     Faith    .   (armour unavailable)
rPois    +         Spirit   .   (helmet restricted)
rElec    .         Reflect  .   (no cloak)
rCorr    .         Harm     .   (no gloves)
MR       .....                  (no boots)
Stlth    ++........             c - amulet of the gourmand
HPRegen  0.13/turn              h - +3 ring of dexterity
MPRegen  0.09/turn              g - ring of poison resistance

@: mighty
A: unfitting armour, cold-blooded, AC +5
a: Berserk, Trog's Hand, Renounce Religion


You were on level 3 of the Dungeon.
You worshipped Trog.
Trog was pleased with you.
You were not hungry.

You visited 1 branch of the dungeon, and saw 3 of its levels.

You collected 186 gold pieces.

Inventory:

Hand Weapons
 a - a +0 spear (weapon)
 l - a cursed -3 spear
 p - a +0 spear
 r - a +0 trident
Armour
 b - a cursed +0 scale mail
 k - a +1 large shield (worn)
Jewellery
 c - an amulet of the gourmand (around neck)
 g - a ring of poison resistance (right hand)
 h - a +3 ring of dexterity (left hand)
 i - a cursed amulet of inaccuracy {unknown}
Scrolls
 e - 2 scrolls of remove curse
 m - a scroll of noise {unknown}
Potions
 j - 2 potions of flight
 n - a potion of might
 q - 2 potions of brilliance {unknown}
Comestibles
 o - a ration


   Skills:
 + Level 3.8 Fighting
 + Level 3.8 Polearms
 + Level 3.3 Dodging
 + Level 0.6 Stealth
 + Level 1.2 Shields


You had 3 spell levels left.
You didn't know any spells.
Your spell library was empty.

Dungeon Overview and Level Annotations

Branches:
Dungeon (3/15)

Altars:
Beogh

Annotations:
D:3 bananovenc's ghost, amateur GrFi


Innate Abilities, Weirdness & Mutations

Your plain brown scales are hard. (AC +5)
You cannot fit into any form of body armour.
You are cold-blooded and may be slowed by cold attacks.


Message History

You block bananovenc's ghost's attack.
You hit bananovenc's ghost but do no damage.
Bananovenc's ghost is lightly damaged.
Bananovenc's ghost hits you but does no damage.
You hit bananovenc's ghost but do no damage.
Your tail-slap misses bananovenc's ghost.
Bananovenc's ghost is lightly damaged.
Bananovenc's ghost hits you!
You puncture bananovenc's ghost!
Bananovenc's ghost is heavily damaged.
Bananovenc's ghost hits you!
* * * LOW HITPOINT WARNING * * *
You puncture bananovenc's ghost!
Bananovenc's ghost is severely damaged.
Bananovenc's ghost hits you.
* * * LOW HITPOINT WARNING * * *
You hit bananovenc's ghost. You tail-slap bananovenc's ghost.
Bananovenc's ghost is almost destroyed.
Bananovenc's ghost hits you!
You die...

,,* #.# #.#8#..8..#8#.## *** #.#
#.###.,...###.#. #.#
#....#####....## #.#
#.............## ###.#
#######'''######. ##...#
#8..o.oo.......8# ##..###
###)####.##..####
#####....##########oo........# #
................@Wooo######.## #
#####....######.###### #.#####
##..## #.# ###......
##..#######.# #........
####.#....)....# #####.#######
#.....#.#####..# #.....#
#..##.##.####..#####.#####
##.###................#
....#####.####..#################


You could see bananovenc's ghost and 5 orcs.

Vanquished Creatures
  An adder (D:2)
  3 dart slugs
  2 leopard geckos
  8 orcs (D:3)
  5 bats
  4 giant cockroaches
  5 goblins
  10 hobgoblins
  8 jackals
  6 kobolds
  3 rats
55 creatures vanquished.

Notes
Turn   | Place    | Note
-------+----------+-------------------------------------------
     0 | D:1      | JGreham the Draconian Berserker began the quest for the
                  | Orb.
     0 | D:1      | Reached XP level 1. HP: 19/19 MP: 1/1
   151 | D:1      | Reached XP level 2. HP: 26/26 MP: 2/2
   761 | D:2      | Reached XP level 3. HP: 24/33 MP: 3/3
  1097 | D:2      | Reached ** piety under Trog
  1603 | D:3      | Reached XP level 4. HP: 21/40 MP: 4/4
  1608 | D:3      | Reached skill level 1 in Shields
  2349 | D:3      | Found a runed gate.
  2349 | D:3      | Found a runed gate.
  2352 | D:3      | Found a runed gate.
  2354 | D:3      | Found a roughly hewn altar of Beogh.
  2354 | D:3      | Noticed bananovenc's ghost (amateur GrFi)
  2384 | D:3      | Slain by bananovenc's ghost

Skill      XL: |  1  2  3  4 |
---------------+-------------+-----
Dodging        | 3 |  3.3
Shields        | 1 |  1.2
Fighting       | |  3.8
Polearms       | |  3.8
Stealth        | |  0.6

Action                   |  1- 3 |  4- 6 || total
-------------------------+-------+-------++-------
Melee: Spear             |   169 |    52 ||   221
       Tailslap          |    17 |     7 ||    24
  Use: Scroll            |     7 |       ||     7
       Potion            |     1 |     5 ||     6
 Stab: Sleeping          |     6 |     1 ||     7
  Eat: Ration            |     1 |     1 ||     2
Armor: Skin              |    44 |    14 ||    58
Dodge: Dodged            |    45 |    15 ||    60
Block: Large shield      |    82 |    40 ||   122
